 Dungeon Crawl Stone Soup version 0.28-a0-317-g21599a725c (webtiles) character file.

Game seed: 15662533809504093044

85 McIrco the Cutter (level 4, -3/29 HPs)
             Began as a Kobold Berserker on Sept 1, 2021.
             Was a Believer of Trog.
             Slain by a kobold (4 damage)
             ... in a sewer.
             The game lasted 00:03:35 (2422 turns).

McIrco the Cutter (Kobold Berserker)                Turns: 2422, Time: 00:03:36

Health: -3/29      AC:  2    Str: 15    XL:     4   Next: 75%
Magic:  4/4        EV: 15    Int:  8    God:    Trog [**....]
Gold:   101        SH:  0    Dex: 14    Spells: 3/3 levels left

rFire   . . .      SeeInvis .   a - +0 short sword (flame)
rCold   . . .      Faith    .   (shield restricted)
rNeg    . . .      Spirit   .   b - +0 animal skin
rPois   .          Reflect  .   (no helmet)
rElec   .          Harm     .   (no cloak)
rCorr   .          Rampage  .   (no gloves)
Will    .....                   (no boots)
Stlth   +++.......              (no amulet)
HPRegen 0.09/turn               (no ring)
MPRegen 0.09/turn               (no ring)

@: on berserk cooldown, slowed, very slow
A: small, no large weapons, nightstalker 3
a: Renounce Religion, Berserk, Trog's Hand


You were in a sewer.
You worshipped Trog.
Trog was pleased with you.
You visited 1 branch of the dungeon, and saw 3 of its levels.
You also visited: Sewer.

You collected 101 gold pieces.

Inventory:

Hand Weapons
 a - a +0 short sword of flaming (weapon)
 i - a +0 vampiric dagger
Armour
 b - a +0 animal skin (worn)
Scrolls
 c - 2 scrolls of identify
Potions
 d - a potion of degeneration
 e - a potion of lignification
 h - a potion of flight
 j - a potion of haste


   Skills:
 + Level 3.7 Fighting
 + Level 5.3 Short Blades
 + Level 1.6 Armour
 + Level 2.8 Dodging
 + Level 3.1 Stealth


You had 3 spell levels left.
You didn't know any spells.
Your spell library was empty.

Dungeon Overview and Level Annotations

Branches:
Dungeon (3/15)              Sewer (1/1)

Altars:

Shops:
D:1 [

Annotations:
D:3 3 runed translucent doors


Innate Abilities, Weirdness & Mutations

You are small and have problems with some larger weapons.
You are completely attuned to the shadows.


Message History

The kobold brigand is severely wounded.
The kobold closely misses you. The kobold brigand barely misses you.
The kobold throws a stone.
The stone barely misses you.
The kobold brigand completely misses you.
The kobold barely misses you.
You barely miss the kobold brigand.
The kobold brigand is severely wounded.
The kobold misses you.
The kobold throws a stone.
The stone completely misses you. The kobold hits you with a +0 dagger.
The kobold brigand hits you with a +0 dagger.
The kobold misses you.
You hit the kobold brigand but do no damage.
The kobold brigand is severely wounded.
Your skin stops crawling.
You feel less strong-willed. The kobold hits you with a +0 dagger.
The kobold brigand closely misses you.
The kobold hits you with a +0 short sword.
Unknown command.
You closely miss the kobold brigand.
The kobold brigand is severely wounded.
The kobold misses you. The kobold brigand misses you. The kobold misses you. x2
The kobold hits you with a +0 dagger.
The kobold brigand hits you with a +0 dagger.
You hit the kobold brigand but do no damage.
The kobold brigand is severely wounded.
The kobold completely misses you. The kobold barely misses you.
The kobold closely misses you. The kobold brigand closely misses you.
The kobold completely misses you.
Unknown command.
You hit the kobold brigand. You burn the kobold brigand.
The kobold brigand is almost dead.
The kobold closely misses you. The kobold hits you with a +0 dagger.
The kobold brigand hits you with a +0 dagger.
The kobold hits you with a +0 short sword.
* * * LOW HITPOINT WARNING * * *
The kobold closely misses you.
The kobold hits you with a +0 short sword.
* * * LOW HITPOINT WARNING * * *
The kobold hits the plant with a +0 short sword.
The plant begins to die.
The kobold hits you with a +0 dagger.
You die...

#≈#≈#######≈##############
≈≈≈≈≈≈..P≈P≈≈≈≈≈.≈≈≈#)?..#
≈≈≈P≈...≈≈≈≈≈≈....≈≈'..∩.#
.≈.≈....P..≈≈P...≈≈.'.!..#
................PK..#.!!.#
.......P........KK.#######
................@K.#
.................###
#............#####
####..####.### #### ##


You could see a kobold brigand and 3 kobolds.

Vanquished Creatures
  2 adders
  3 dart slugs
  4 orcs (D:3)
  11 ball pythons
  A bat (D:2)
  6 endoplasms
  A giant cockroach (D:1)
  2 goblins (D:2)
  2 hobgoblins
  5 kobolds
  4 quokkas (D:1)
  4 frilled lizards
  10 rats
55 creatures vanquished.

Vanquished Creatures (others)
  A fungus (D:3)
1 creature vanquished.

Grand Total: 56 creatures vanquished

Notes
Turn   | Place    | Note
-------+----------+-------------------------------------------
     0 | D:1      | McIrco the Kobold Berserker began the quest for the Orb.
     0 | D:1      | Reached XP level 1. HP: 14/14 MP: 1/1
    40 | D:1      | Found a faded altar of an unknown god.
   154 | D:1      | Reached XP level 2. HP: 15/19 MP: 2/2
   248 | D:1      | Reached skill level 1 in Stealth
   504 | D:1      | Found Ecydicwe's Armour Boutique.
   809 | D:1      | Reached XP level 3. HP: 23/23 MP: 3/3
  1366 | D:2      | Reached skill level 5 in Short Blades
  1370 | D:2      | Reached ** piety under Trog
  1381 | D:2      | Reached XP level 4. HP: 26/29 MP: 4/4
  1907 | D:3      | Found a runed translucent gate.
  1907 | D:3      | Found a runed translucent gate.
  1908 | D:3      | Found a runed translucent gate.
  2076 | D:3      | Found a glowing drain.
  2171 | Sewer    | Entered a sewer
  2397 | Sewer    | Noticed a kobold brigand
  2408 | Sewer    | HP: 1/43 [kobold brigand (4)]
  2422 | Sewer    | HP: 1/29 [kobold (4)]
  2422 | Sewer    | Slain by a kobold

Illustrated notes

Levels and vault maps discovered:
D:1:      roderic_chinese_lattice_arrival, layout_loops_ring, serial_shops,
          shop, dreamdust_ecumenical_altar_statues, corexii_corridor_pit,
          nrook_mini_vaults
D:2:      layout_loops_ring, minmay_cut_off
D:3:      layout_loops_ring, nicolae_dithmenos_through_a_glass_darkly,
          gammafunk_ghost_icy, portal_sewer_entry_d, uniq_grinder,
          uniq_crazy_yiuf_cottage
Sewer:    kennysheep_pipe_town

Skill      XL: |  1  2  3  4 |
---------------+-------------+-----
Stealth        | 1 2 3 |  3.1
Short Blades   | 5 |  5.3
Fighting       | |  3.7
Armour         | |  1.6
Dodging        | |  2.8

Action                   |  1- 3 |  4- 6 || total
-------------------------+-------+-------++-------
Melee: Short sword       |    63 |    66 ||   129
Invok: Berserk           |       |     3 ||     3
       Trog's Hand       |       |     1 ||     1
  Use: Scroll            |       |     6 ||     6
       Potion            |       |     1 ||     1
 Stab: Sleeping          |    20 |    11 ||    31
Armor: Animal skin       |     5 |     7 ||    12
Dodge: Dodged            |    27 |    63 ||    90

Table legend: (Time is in decaauts)
 A = Elapsed time spent in this place.
 B = Non-inter-level travel time spent in this place.
 C = Inter-level travel time spent in this place.
 D = Time resting spent in this place.
 E = Time spent auto-exploring this place.
 F = Levels seen in this place.
 G = Mean time per level.
                   A        B        C        D        E       F      G
               +--------+--------+--------+--------+--------+-----+--------+
         Total |   2440 |   2425 |     15 |    245 |   1671 |   4 |  610.0 |
       Dungeon |   2184 |   2169 |     15 |     90 |   1611 |   3 |  728.0 |
         Sewer |    256 |    256 |      0 |    155 |     60 |   1 |  256.0 |
               +--------+--------+--------+--------+--------+-----+--------+

Top non-repeatable levels by time:
     D:1: 994 daAuts
     D:2: 884 daAuts
     D:3: 306 daAuts
   Sewer: 256 daAuts
